 Dungeon Sprint DCSS version 0.28-a0-730-g892d06dc2c (webtiles) character file.

Game seed: 11631652062646578925

160 mhtbhm the Thrower (level 5, -5/41 HPs)
             Began as a Human Hunter on Oct 29, 2021.
             Slain by a sixfirhy (6 damage)
             ... summoned by a kobold demonologist
             ... in the Dungeon (Sprint III: "The Ten Rune Challenge").
             The game lasted 00:02:34 (835 turns).

mhtbhm the Thrower (Human Hunter)                    Turns: 835, Time: 00:02:35

Health: -5/41      AC:  3    Str: 13    XL:     5   Next: 69%
Magic:  5/5        EV: 13    Int: 11    God:
Gold:   21         SH:  0    Dex: 14    Spells: 4/4 levels left

rFire   . . .      SeeInvis .   a - +0 short sword
rCold   . . .      Faith    .   (no shield)
rNeg    . . .      Spirit   .   b - +0 leather armour
rPois   +          Reflect  .   (no helmet)
rElec   .          Harm     .   (no cloak)
rCorr   .          Rampage  .   (no gloves)
Will    .....      NoTele   +   (no boots)
Stlth   ++........              (no amulet)
HPRegen 0.13/turn               (no ring)
MPRegen 0.09/turn               (no ring)

@: no status effects
A: poison resistance
a: no special abilities


You were in the Dungeon.
You visited 1 branch You collected 21 gold pieces.

Inventory:

Hand Weapons
 a - a +0 short sword (weapon)
Armour
 b - a +0 leather armour (worn)
Scrolls
 j - a scroll of blinking
 k - a scroll of enchant armour {unknown}
 l - 2 scrolls of holy word {unknown}
 m - a scroll of fog {unknown}
 p - a scroll of silence {unknown}
Potions
 e - a potion of curing
 h - 2 potions of magic
 n - a potion of degeneration {unknown}
 o - 3 potions of flight


   Skills:
 + Level 3.3 Fighting
 + Level 3.5 Short Blades
 + Level 9.1 Throwing
 + Level 2.4 Armour
 + Level 3.8 Dodging
 + Level 2.0 Stealth


You had 4 spell levels left.
You didn't know any spells.
Your spell library contained the following spells:

 Spells                   Type           Power      Damage    Failure   Level
 Corpse Rot               Necr/Air       0%         N/A       56%         2
 Poisonous Vapours        Pois/Air       0%         N/A       56%         2


Dungeon Overview and Level Annotations

Branches:
Dungeon (1/1)

Altars:
Sif Muna
Vehumet


Innate Abilities, Weirdness & Mutations

Your system is resistant to poisons. (rPois)


Message History

Aim: a kobold demonologist, wielding a +0 dagger and wearing a +0 robe (54% to hit)
You throw a javelin.
The javelin pierces through the kobold demonologist!
The kobold demonologist is heavily wounded.
Unknown command.
Unknown command.
You aren't carrying any items that you can evoke.
Unknown command.
You barely miss the kobold demonologist.
The kobold demonologist is heavily wounded.
The kobold demonologist hits you but does no damage.
You barely miss the kobold demonologist.
The kobold demonologist is heavily wounded.
The kobold demonologist hits you with a +0 dagger.
You closely miss the kobold demonologist.
The kobold demonologist is heavily wounded.
The kobold demonologist closely misses you.
You hit the kobold demonologist but do no damage.
The kobold demonologist is heavily wounded.
The kobold demonologist hits you but does no damage.
You barely miss the kobold demonologist.
The kobold demonologist is heavily wounded.
The kobold demonologist gestures wildly while chanting.
You closely miss the kobold demonologist.
The kobold demonologist is heavily wounded.
The kobold demonologist looks encouraged for a moment.
You hit the kobold demonologist but do no damage.
The kobold demonologist is heavily wounded.
The sixfirhy misses you. The sixfirhy hits you. The sixfirhy shocks you!
Unknown command.
Okay, then.
Unknown command.
You hit the kobold demonologist but do no damage.
The kobold demonologist is heavily wounded.
The sixfirhy hits you!
* * * LOW HITPOINT WARNING * * *
The sixfirhy shocks you!
* * * LOW HITPOINT WARNING * * *
The sixfirhy hits you.
You die...

▓▓▓▓▓▓▓▓▓▓ ▓▓▓ #..'...♣.♣
♣.# #..#....♣♣ ♣♣.#
####.....♣♣ ♣..#
...#....≈.♣♣♣..###+#+###+##
...#...≈≈♣..♣..#..........#
...#..≈≈≈≈...♣.'.⌠........#
##'#..≈≈≈≈≈≈.♣.#@..######+#
...#.≈≈≈≈≈≈....#K3.#
...#.≈≈≈≈≈.....#...#
...#.≈≈≈.......#)###
####...........#.:
...............#__
▓▓▓▓▓▓▓▓▓▓▓▓▓▓▓▓▓▓


You could see a kobold demonologist and a sixfirhy (summoned).

Vanquished Creatures
  A water elemental (D)
  A scorpion (D)
  A wizard (D)
  A human (D)
  2 endoplasms (D)
  2 rats (D)
8 creatures vanquished.

Notes
Turn   | Place    | Note
-------+----------+-------------------------------------------
     0 | D        | mhtbhm the Human Hunter began the quest for the Orb.
     0 | D        | Reached XP level 1. HP: 16/16 MP: 1/1
   161 | D        | Reached skill level 5 in Throwing
   191 | D        | Reached skill level 1 in Short Blades
   191 | D        | Reached skill level 6 in Throwing
   191 | D        | Reached XP level 2. HP: 6/23 MP: 2/2
   191 | D        | Reached XP level 3. HP: 8/28 MP: 3/3
   430 | D        | Noticed a scorpion
   432 | D        | Killed a scorpion
   433 | D        | Reached skill level 7 in Throwing
   433 | D        | Reached skill level 1 in Armour
   433 | D        | Reached XP level 4. HP: 34/34 MP: 4/4
   462 | D        | Gained mutation: You are frail. (-10% HP) [potion of
                  | mutation]
   462 | D        | Gained mutation: You have a somewhat thin skeletal
                  | structure. (Dex +2, Stealth+) [potion of mutation]
   465 | D        | Lost mutation: You are frail. (-10% HP) [potion of
                  | mutation]
   465 | D        | Lost mutation: You have a somewhat thin skeletal structure.
                  | (Dex +2, Stealth+) [potion of mutation]
   465 | D        | Gained mutation: Your system is resistant to poisons.
                  | (rPois) [potion of mutation]
   498 | D        | Noticed a water elemental
   532 | D        | Killed a water elemental
   533 | D        | Reached skill level 8 in Throwing
   533 | D        | Reached XP level 5. HP: 6/41 MP: 5/5
   818 | D        | Found a radiant altar of Vehumet.
   821 | D        | Found a shimmering blue altar of Sif Muna.
   824 | D        | Reached skill level 9 in Throwing
   833 | D        | Noticed a sixfirhy
   835 | D        | HP: 1/41 [sixfirhy[a kobold demonologist] (10)]
   835 | D        | Slain by a sixfirhy

Illustrated notes

Levels and vault maps discovered:
D:        dungeon_sprint_mu [sprint_mu_entry_forest, sprint_mu_temple_rooms,
          sprint_mu_d1_horrors, sprint_mu_d2_genie, sprint_mu_d3_branching,
          sprint_mu_orc_legion, sprint_mu_elf_gauntlet, sprint_mu_hive_nellie,
          sprint_mu_lair_fedhas, sprint_mu_vaults_butterflies,
          sprint_mu_slime_circle, sprint_mu_swamp_cave, sprint_mu_shoals_kraken,
          sprint_mu_blade_basic, sprint_mu_crypt_fortress,
          sprint_mu_tomb_spiral, sprint_mu_vestibule_basic,
          sprint_mu_gehenna_hellfire, sprint_mu_dis_giant,
          sprint_mu_tartarus_statrot, sprint_mu_cocytus_islands, sprint_mu_zot1]

Skill      XL: |  1  2  3  4  5 |
---------------+----------------+-----
Throwing       | 6 7 8 9 |  9.1
Short Blades   | 1 2 3 |  3.5
Armour         | 1 2 |  2.4
Dodging        | 3 |  3.8
Fighting       | 3 |  3.3
Stealth        | 2 |  2.0

Action                   |  1- 3 |  4- 6 || total
-------------------------+-------+-------++-------
Melee: Short sword       |    21 |    10 ||    31
Throw: Javelin           |     5 |    11 ||    16
       Throwing net      |       |     3 ||     3
  Use: Potion            |     1 |     5 ||     6
 Stab: Sleeping          |     1 |       ||     1
Armor: Leather armour    |     3 |     2 ||     5
Dodge: Dodged            |     8 |     2 ||    10

Table legend: (Time is in decaauts)
 A = Elapsed time spent in this place.
 B = Non-inter-level travel time spent in this place.
 C = Inter-level travel time spent in this place.
 D = Time resting spent in this place.
 E = Time spent auto-exploring this place.
 F = Levels seen in this place.
 G = Mean time per level.
                   A        B        C        D        E       F      G
               +--------+--------+--------+--------+--------+-----+--------+
         Total |    832 |    832 |      0 |    621 |      1 |   1 |  832.0 |
       Dungeon |    832 |    832 |      0 |    621 |      1 |   1 |  832.0 |
               +--------+--------+--------+--------+--------+-----+--------+

Top non-repeatable levels by time:
       D: 832 daAuts
